 Dungeon Crawl Stone Soup version 0.17-a0-1767-gccbed74 (webtiles) character file.

1197 kosy22 the Ducker (level 8, -4/118 HPs)
             Began as a Troll Berserker on Sept 5, 2015.
             Was an Elder of Trog.
             Slain by a giant frog (7 damage)
             ... on level 6 of the Dungeon on Sept 6, 2015.
             The game lasted 00:17:42 (4645 turns).

kosy22 the Ducker (Troll Berserker)                 Turns: 4645, Time: 00:17:42

Health: -4/118     AC:  6    Str: 33    XL:     8   Next: 20%
Magic:  7/7        EV: 11    Int:  3    God:    Trog [****..]
Gold:   298        SH:  0    Dex:  9    Spells: 0 memorised, 7 levels left

rFire  . . .     SeeInvis .     p - +0 giant club
rCold  . . .     Clarity  .     a - +1 animal skin
rNeg   . . .     SustAt   +     (no shield)
rPois  +         Gourm    +     (helmet restricted)
rElec  .         Spirit   .     (no cloak)
rCorr  .         Warding  .     (gloves unavailable)
rMut   .         Stasis   .     (boots unavailable)
MR     .....                    (no amulet)
Stlth  ..........               s - ring of sustain attributes
                                b - ring of poison resistance

@: berserking (expiring), lethally poisoned (-4 -> -4), very quick, not
resistant to hostile enchantments, extremely unstealthy
A: unfitting armour, claws 3, fast metabolism 3, gourmand, regeneration 2,
shaggy fur 1, tough skin 2
a: Burn Spellbooks, Berserk, Trog's Hand, Brothers in Arms, Renounce Religion


You were on level 6 of the Dungeon.
You worshipped Trog.
Trog was greatly pleased with you.
You were not hungry.

You visited 1 branch of the dungeon, and saw 6 of its levels.

You collected 298 gold pieces.

Inventory:

Hand weapons
 l - a +1 mace of crushing
 p - a +0 giant club (weapon)
Missiles
 j - 4 javelins (quivered)
Armour
 a - a +1 animal skin (worn)
Jewellery
 b - a ring of poison resistance (left claw)
 e - an uncursed ring of positive energy
 i - an uncursed ring of ice
 s - a ring of sustain attributes (right claw)
Scrolls
 m - a scroll of recharging
 o - 3 scrolls of remove curse
Potions
 c - a potion of ambrosia
 d - 2 potions of flight
 h - 4 potions of curing
 q - a potion of haste
 r - 2 potions of agility
 t - a potion of might {unknown}
Books
 n - a Young Poisoner's Handbook

   Spells                             Type                      Level
   a - Sting                          Conjuration/Poison           1
   b - Cure Poison                    Poison                       2
   c - Mephitic Cloud                 Conjuration/Poison/Air       3
   d - Olgreb's Toxic Radiance        Poison                       4
   e - Venom Bolt                     Conjuration/Poison           5
   Trog disapproves of the use of such an item.
Comestibles
 g - a beef jerky
 k - a slice of pizza


   Skills:
 + Level 4.4 Fighting
 + Level 1.9 Maces & Flails
 + Level 0.6 Throwing
 + Level 6.2 Dodging
 + Level 0.6 Stealth
 + Level 5.3 Unarmed Combat


You had 7 spell levels left.
You didn't know any spells.

Dungeon Overview and Level Annotations

Branches:
Dungeon (6/15)
 Temple: D:4-7

Altars:
Dithmenos
Gozag
Kikubaaqudgha
Makhleb
Sif Muna
Trog
Vehumet
Xom


Innate Abilities, Weirdness & Mutations

You are too large for most types of armour.
You have claws for hands.
Your metabolism is lightning-fast.
You like to eat raw meat.
You heal very quickly.
You are covered in fur (AC +1).
You have very tough skin (AC +2).


Message History

Unknown command.
You hammer the adder like a gong!!!
You kill the adder!
Trog accepts your kill.
You can now call in reinforcements.
The giant frog hits you.
* * * LOW HITPOINT WARNING * * *
The giant frog barely misses you.
You closely miss the giant frog.
You feel sick. The giant frog barely misses you.
You sock the giant frog!
The giant frog is moderately wounded.
The giant frog hits you!
* * * LOW HITPOINT WARNING * * *
You miss the giant frog.
The giant frog is moderately wounded.
The giant frog barely misses you. x2
You closely miss the giant frog.
The giant frog is moderately wounded.
You feel sick. The giant frog hits you!
You die...

#.......# #.......#
#.......# #.......#
+!....... #.......#
#.......########
+......@'......#####
#.....F.######.....#
#.......# ###..##.#
. #########
#....##.# ..
###.##..#.# .#
#......<#.#..#
#.##.........# #.
#.##..##.## # ##
#...#.#


You could see a giant frog.

Vanquished Creatures
  2 sky beasts (D:5)
  2 phantoms
  A centaur (D:5)
  An ogre (D:4)
  2 crimson imps
  A centaur zombie (D:5)
  A giant frog zombie (D:6)
  3 hounds
  A quasit (D:4)
  2 orc priests
  A jelly (D:6)
  An orc wizard (D:3)
  2 worker ants (D:4)
  Terence (D:2)
  A killer bee zombie (D:5)
  4 gnolls (D:6)
  9 adders
  An ooze (D:2)
  3 worms
  4 giant geckos
  12 orcs
  3 giant cockroaches
  6 goblins
  5 hobgoblins
  6 jackals
  A quokka (D:5)
  A ball python (D:3)
  10 bats
  3 giant newts
  A jackal skeleton (D:4)
  6 kobolds
  9 rats
106 creatures vanquished.

Notes
Turn   | Place    | Note
--------------------------------------------------------------
     0 | D:1      | kosy22 the Troll Berserker began the quest for the Orb.
     0 | D:1      | Reached XP level 1. HP: 22/22 MP: 0/0
   163 | D:1      | Reached XP level 2. HP: 25/29 MP: 1/1
   309 | D:1      | Acquired Trog's second power
  1013 | D:1      | Reached XP level 3. HP: 34/36 MP: 2/2
  1203 | D:2      | Noticed Terence
  1209 | D:2      | Killed Terence
  1368 | D:2      | Reached XP level 4. HP: 42/44 MP: 3/3
  2006 | D:3      | Found a faded altar to an unknown god.
  2201 | D:3      | Found a shadowy altar of Dithmenos.
  2272 | D:3      | Reached XP level 5. HP: 51/53 MP: 4/4
  2487 | D:3      | Reached skill level 4 in Dodging
  2522 | D:3      | Found a bloodstained altar of Trog.
  2524 | D:3      | Found a burning altar of Makhleb.
  2763 | D:4      | Found an ancient bone altar of Kikubaaqudgha.
  2770 | D:4      | Reached XP level 6. HP: 56/61 MP: 5/5
  2999 | D:4      | Noticed a phantom
  3111 | D:4      | Killed a phantom
  3367 | D:4      | Noticed an ogre
  3378 | D:4      | Killed an ogre
  3378 | D:4      | Reached skill level 5 in Dodging
  3378 | D:4      | Reached XP level 7. HP: 68/68 MP: 6/6
  3592 | D:4      | Upgraded the game from 0.17-a0-1763-g847a857 to 0.17-a0-1767-gccbed74
  3609 | D:5      | Entered Level 5 of the Dungeon
  3724 | D:5      | Found a deep blue altar of Sif Muna.
  3725 | D:5      | Found a shimmering altar of Xom.
  3835 | D:5      | Found an opulent altar of Gozag.
  3854 | D:5      | Reached skill level 5 in Unarmed Combat
  3915 | D:5      | Found a radiant altar of Vehumet.
  4051 | D:5      | Reached skill level 1 in Maces & Flails
  4145 | D:5      | Reached skill level 6 in Dodging
  4145 | D:5      | Reached XP level 8. HP: 26/78 MP: 7/7
  4641 | D:6      | Acquired Trog's third power
  4643 | D:6      | HP: 3/118 [giant frog (7)]
  4645 | D:6      | Slain by a giant frog

Vault maps used:
D:1:      mrwooster_arrival_arrow
D:2:      uniq_terence
D:3:      makhleb_heckhound_becter, old_standard_altar, ecumenical_altar_1,
          nicolae_dithmenos_shadow_blocks
D:4:      overflow_temple_1_default, first_bread
D:5:      lemuel_round_altar, gammafunk_temple_overflow_pools,
          grunt_gozag_statues
D:6:      serial_shops, shop, portal_sewer_entry_a, uniq_menkaure, uniq_sigmund,
          uniq_crazy_yiuf_cottage

Action                   |  1- 3 |  4- 6 |  7- 9 || total
-------------------------+-------+-------+-------++-------
Melee: Unarmed           |    94 |   188 |       ||   282
       Giant club        |       |       |    93 ||    93
Throw: Tomahawk          |       |     3 |     3 ||     6
Invok: Berserk           |       |       |     1 ||     1
  Use: Scroll            |     5 |     9 |     6 ||    20
  Eat: Bread ration      |     3 |     1 |     2 ||     6
       Fruit             |       |     3 |       ||     3
       Beef jerky        |       |     3 |       ||     3
       Royal jelly       |       |     1 |       ||     1
       Pizza             |       |     1 |       ||     1
       Meat ration       |       |       |     1 ||     1
